Edmonton Oilers vs Toronto Maple Leafs
(R1)
Created - Thursday, February 6, 2025 at 09:40
Goals
|
| Edmonton Oilers |
0 |
1 |
0 |
1 |
| Toronto Maple Leafs |
0 |
1 |
2 |
3 |
|
Shots
|
| Edmonton Oilers |
9 |
10 |
7 |
26 |
| Toronto Maple Leafs |
7 |
9 |
12 |
28 |
|
1st period
No Goal
Penalties :
Jacob Trouba (EDM) for Roughing (Minor) at 5:17, Adrian Kempe (EDM) for Hooking (Minor) at 11:06, Evan Bouchard (EDM) for Interference (Minor) at 15:14, Aaron Ekblad (TOR) for Roughing (Minor) at 19:07
2nd period
1. Edmonton Oilers , Corey Perry 2 (Evan Bouchard 2) at 13:08
2. Toronto Maple Leafs , Sam Bennett 1 (Nicolas Roy 1, Nino Niederreiter 1) at 16:29
Penalties :
Aaron Ekblad (TOR) for High sticking (Minor) at 5:01, Quinton Byfield (TOR) for Tripping (Minor) at 8:23
3rd period
3. Toronto Maple Leafs , Troy Terry 4 (Brady Tkachuk 7, Tomas Hertl 6) at 3:24
4. Toronto Maple Leafs , Nino Niederreiter 1 (Nick Bjugstad 4, Ryan Pulock 2) at 6:00 (SH)
Penalties :
Scott Laughton (TOR) for Cross-checking (Minor) at 5:20, Brady Tkachuk (TOR) for Fighting (Major) at 10:43, Jacob Trouba (EDM) for Fighting (Major) at 10:43, Corey Perry (EDM) for Hooking (Minor) at 11:33, Scott Laughton (TOR) for Hooking (Minor) at 16:47, Corey Perry (EDM) for Spearing (Major / Game Misconduct) at 19:05
Goalie Stats
Juuse Saros (EDM), 25 saves from 28 shots - (0.893), L, 1-2-0, 60:00 minutes
Frederik Andersen (TOR), 25 saves from 26 shots - (0.962), W, 1-0-0, 60:00 minutes
Players Stats for Edmonton Oilers
Player Name G A P +/- PIM S H SB GA TA FO MP PP MP PK MP
------------------------------------------------------------------------------------
Adrian Kempe 0 0 0 -1 2 2 2 0 1 0 2/4 19:29 4:58 3:14
Boone Jenner 0 0 0 -1 0 5 2 1 0 1 16/23 20:06 4:58 4:01
Brandon Carlo 0 0 0 -1 0 2 2 1 0 3 0/0 23:58 4:43 4:55
Brett Pesce 0 0 0 1 0 1 0 1 0 0 0/0 16:29 0:00 3:01
Brock Boeser 0 0 0 -2 0 1 1 0 1 1 0/0 20:48 4:57 4:18
Corey Perry 1 0 1 1 17 4 3 0 2 0 0/2 12:05 0:00 1:09
David Perron 0 0 0 -1 0 1 1 1 1 0 0/1 20:25 4:58 4:09
David Savard 0 0 0 -2 0 2 2 0 0 0 0/0 23:46 5:12 4:28
Dawson Mercer 0 0 0 1 0 2 1 0 0 0 0/5 11:05 0:00 0:29
Derek Ryan 0 0 0 0 0 1 0 0 0 0 1/4 7:26 0:00 0:00
Evan Bouchard 0 1 1 -2 2 0 1 3 0 0 0/0 21:53 5:12 2:49
Jacob Trouba 0 0 0 -1 7 0 1 1 0 1 0/0 21:05 4:43 2:27
Jake DeBrusk 0 0 0 -2 0 3 1 1 2 0 0/1 17:28 4:57 0:20
Jeff Carter 0 0 0 -2 0 2 2 1 0 0 10/17 16:30 4:57 0:00
Joey Anderson 0 0 0 0 0 0 1 0 0 1 0/0 7:26 0:00 0:00
Morgan Barron 0 0 0 0 0 0 1 0 0 0 0/0 7:26 0:00 0:00
Ryan McLeod 0 0 0 1 0 0 1 0 0 1 0/0 10:20 0:00 0:00
Scott Mayfield 0 0 0 1 0 0 0 0 0 0 0/0 13:19 0:00 0:00
Players Stats for Toronto Maple Leafs
Player Name G A P +/- PIM S H SB GA TA FO MP PP MP PK MP
------------------------------------------------------------------------------------
Aaron Ekblad 0 0 0 1 4 0 1 0 0 2 0/0 22:51 4:18 2:39
Andrew Mangiapane 0 0 0 0 0 2 1 0 1 0 0/0 8:28 0:00 0:00
Brady Tkachuk 0 1 1 1 5 2 1 1 0 0 2/2 14:37 3:25 1:09
Brandon Saad 0 0 0 0 0 1 0 0 0 0 0/0 8:42 0:10 0:00
Cody Ceci 0 0 0 0 0 1 0 2 0 1 0/0 23:56 4:32 5:27
Dougie Hamilton 0 0 0 1 0 0 0 0 1 0 0/0 19:32 4:18 1:49
Mario Ferraro 0 0 0 0 0 0 2 1 0 0 0/0 20:10 0:00 5:27
Nick Bjugstad 0 1 1 0 0 2 3 0 0 0 6/11 20:09 4:17 5:06
Nicolas Roy 0 1 1 1 0 0 0 0 1 0 0/2 19:18 4:17 4:04
Nino Niederreiter 1 1 2 2 0 2 0 0 0 0 0/0 12:10 0:00 2:26
Quinton Byfield 0 0 0 -1 2 3 1 0 2 0 1/1 15:10 4:17 0:00
Ryan Pulock 0 1 1 1 0 2 1 0 0 2 0/0 18:28 0:00 4:28
Sam Bennett 1 0 1 1 0 2 2 0 1 0 0/4 10:18 0:30 0:00
Scott Laughton 0 0 0 0 4 5 0 1 0 0 4/5 11:31 0:00 3:00
Sean Walker 0 0 0 1 0 0 1 0 0 0 0/0 16:16 4:32 0:00
Tomas Hertl 0 1 1 1 0 2 1 0 1 1 8/20 21:00 4:27 4:05
Troy Terry 1 0 1 1 0 1 1 1 0 1 1/4 15:07 4:21 0:00
Wyatt Johnston 0 0 0 -1 0 3 0 0 1 0 6/8 12:16 0:46 0:00
3 Stars
1 - Nino Niederreiter (TOR)
2 - Frederik Andersen (TOR)
3 - Sam Bennett (TOR)
Power Play
Edmonton Oilers - 0 on 5 Attempt(s) - 0.00%
Toronto Maple Leafs - 0 on 5 Attempt(s) - 0.00%
Penalty Kill
Edmonton Oilers - 5 on 5 Attempt(s) - 100.00%
- Score 0 goal in Penalty Kill
Toronto Maple Leafs - 5 on 5 Attempt(s) - 100.00%
- Score 1 goal in Penalty Kill
Team Stat
Edmonton Oilers - Hits : 22 - Faceoff Wins : 29 - Blocked Shots : 10 - Penalty Minutes : 28
Toronto Maple Leafs - Hits : 15 - Faceoff Wins : 28 - Blocked Shots : 6 - Penalty Minutes : 15
Official
Referees : Chris Rooney and Cody Beach
Linesman : Jonathan Deschamps and Ryan Galloway
Game Notes
Jacob Trouba beats up Brady Tkachuk at 10:43 of 3rd period
Corey Perry (EDM) for Spearing (Major / Game Misconduct) at 19:05
Corey Perry ejected from game at 19:05 of 3rd period
Finance
Level 1 -- Attendance: 5580 (93.00%) -- Ticket Income $524,520
Level 2 -- Attendance: 4716 (94.32%) -- Ticket Income $254,664
Level 3 -- Attendance: 2765 (92.17%) -- Ticket Income $91,245
Level 4 -- Attendance: 4573 (91.46%) -- Ticket Income $96,033
Luxury Box -- Attendance: 1000 (100.00%) -- Ticket Income $193,000
Game was played at the Air Canada Centre.
Total Attendance: 18634 (93.17%)
Total Ticket Income: $1,159,462
Other Income: $405,812
Total Income: $1,565,274
Edmonton Oilers
5 vs 5 Forward
Center Left Wing Right Wing Time % Phy DF OF
1 Boone Jenner David Perron Adrian Kempe 30 1 2 2
2 Jeff Carter Jake DeBrusk Brock Boeser 30 1 2 2
3 Dawson Mercer Ryan McLeod Corey Perry 25 1 2 2
4 Derek Ryan Morgan Barron Joey Anderson 15 1 2 2
5 vs 5 Defense
Defense Defense Time % Phy DF OF
1 Jacob Trouba Brandon Carlo 35 1 2 2
2 David Savard Evan Bouchard 35 1 2 2
3 Scott Mayfield Brett Pesce 30 1 2 2
4 Jacob Trouba Brandon Carlo 0 1 2 2
PowerPlay Forward
Center Left Wing Right Wing Time % Phy DF OF
1 Boone Jenner David Perron Adrian Kempe 50 1 2 2
2 Jeff Carter Jake DeBrusk Brock Boeser 50 1 2 2
PowerPlay Defense
Defense Defense Time % Phy DF OF
1 Jacob Trouba Brandon Carlo 50 1 2 2
2 David Savard Evan Bouchard 50 1 2 2
Penalty Kill 4 Players Forward
Center Wing Time % Phy DF OF
1 Adrian Kempe Brock Boeser 50 1 2 2
2 Boone Jenner David Perron 50 1 2 2
Penalty Kill 4 Players Defense
Defense Defense Time % Phy DF OF
1 Jacob Trouba Brandon Carlo 50 1 2 2
2 David Savard Evan Bouchard 50 1 2 2
Penalty Kill - 3 Players Forward
Forward Time % Phy DF OF
1 Adrian Kempe 50 1 2 2
2 Brock Boeser 50 1 2 2
Penalty Kill - 3 Players Defense
Defense Defense Time % Phy DF OF
1 Jacob Trouba Brandon Carlo 50 1 2 2
2 David Savard Evan Bouchard 50 1 2 2
4 vs 4 Forward
Center Wing Time % Phy DF OF
1 Adrian Kempe Brock Boeser 50 1 2 2
2 Boone Jenner David Perron 50 1 2 2
4 vs 4 Defense
Defense Defense Time % Phy DF OF
1 Jacob Trouba Brandon Carlo 50 1 2 2
2 David Savard Evan Bouchard 50 1 2 2
Last Minutes Offensive
Center Left Wing Right Wing Defense Defense
Boone Jenner David Perron Adrian Kempe Jacob Trouba Brandon Carlo
Last Minutes Defensive
Center Left Wing Right Wing Defense Defense
Boone Jenner David Perron Adrian Kempe Jacob Trouba Brandon Carlo
Goaltenders
Starting : Juuse Saros
Backup : Jonathan Quick
Extra Forwards
Normal : Morgan Barron, Joey Anderson, Corey Perry - PP : Morgan Barron, Joey Anderson - PK : Corey Perry
Extra Defensemen
Normal : Scott Mayfield, Brett Pesce, David Savard - PP : Scott Mayfield - PK : Brett Pesce, David Savard
Penalty Shots
Adrian Kempe, Brock Boeser, Boone Jenner, David Perron, Jake DeBrusk
Scratches
Rasmus Ristolainen (Healthy), Julien Gauthier (Healthy), Tanner Jeannot (Healthy), Dylan Holloway (Healthy)
Toronto Maple Leafs
5 vs 5 Forward
Center Left Wing Right Wing Time % Phy DF OF
1 Tomas Hertl Brady Tkachuk Troy Terry 30 1 2 2
2 Wyatt Johnston Quinton Byfield Nick Bjugstad 30 1 2 2
3 Sam Bennett Nino Niederreiter Nicolas Roy 25 1 2 2
4 Scott Laughton Brandon Saad Andrew Mangiapane 15 1 2 2
5 vs 5 Defense
Defense Defense Time % Phy DF OF
1 Aaron Ekblad Ryan Pulock 35 1 2 2
2 Cody Ceci Mario Ferraro 35 1 2 2
3 Sean Walker Dougie Hamilton 30 1 2 2
4 Aaron Ekblad Ryan Pulock 0 1 2 2
PowerPlay Forward
Center Left Wing Right Wing Time % Phy DF OF
1 Tomas Hertl Brady Tkachuk Troy Terry 50 1 2 2
2 Nick Bjugstad Quinton Byfield Nicolas Roy 50 1 2 2
PowerPlay Defense
Defense Defense Time % Phy DF OF
1 Dougie Hamilton Aaron Ekblad 50 1 2 2
2 Sean Walker Cody Ceci 50 1 2 2
Penalty Kill 4 Players Forward
Center Wing Time % Phy DF OF
1 Nick Bjugstad Scott Laughton 50 1 2 2
2 Tomas Hertl Nicolas Roy 50 1 2 2
Penalty Kill 4 Players Defense
Defense Defense Time % Phy DF OF
1 Aaron Ekblad Ryan Pulock 50 1 2 2
2 Cody Ceci Mario Ferraro 50 1 2 2
Penalty Kill - 3 Players Forward
Forward Time % Phy DF OF
1 Tomas Hertl 50 1 2 2
2 Nick Bjugstad 50 1 2 2
Penalty Kill - 3 Players Defense
Defense Defense Time % Phy DF OF
1 Aaron Ekblad Ryan Pulock 50 1 2 2
2 Cody Ceci Mario Ferraro 50 1 2 2
4 vs 4 Forward
Center Wing Time % Phy DF OF
1 Tomas Hertl Brady Tkachuk 50 1 2 2
2 Nick Bjugstad Troy Terry 50 1 2 2
4 vs 4 Defense
Defense Defense Time % Phy DF OF
1 Aaron Ekblad Ryan Pulock 50 1 2 2
2 Cody Ceci Mario Ferraro 50 1 2 2
Last Minutes Offensive
Center Left Wing Right Wing Defense Defense
Tomas Hertl Brady Tkachuk Troy Terry Aaron Ekblad Ryan Pulock
Last Minutes Defensive
Center Left Wing Right Wing Defense Defense
Tomas Hertl Scott Laughton Troy Terry Aaron Ekblad Ryan Pulock
Goaltenders
Starting : Frederik Andersen
Backup : Cam Talbot
Extra Forwards
Normal : Wyatt Johnston, Sam Bennett, Nino Niederreiter - PP : Wyatt Johnston, Sam Bennett - PK : Nino Niederreiter
Extra Defensemen
Normal : Sean Walker, Dougie Hamilton, Cody Ceci - PP : Sean Walker - PK : Dougie Hamilton, Cody Ceci
Penalty Shots
Dougie Hamilton, Nick Bjugstad, Troy Terry, Quinton Byfield, Nicolas Roy
Scratches
Bowen Byram (Healthy), Kyle Okposo (Healthy), Warren Foegele (Healthy), Luke Schenn (Healthy), Pierre Engvall (Healthy)
% Time on Ice - Edmonton Oilers
Lines # - Real PCT - Wanted PCT - Time Play
Normal Forward
1 - 29% - 30% - 11:47
2 - 28% - 30% - 11:42
3 - 25% - 25% - 10:20
4 - 18% - 15% - 7:26
Normal Defense
1 - 34% - 35% - 14:06
2 - 33% - 35% - 13:37
3 - 31% - 30% - 12:53
4 - 2% - 0% - 0:39
PP Forward
1 - 50% - 50% - 4:58
2 - 50% - 50% - 4:57
PP Defense
1 - 48% - 50% - 4:43
2 - 52% - 50% - 5:12
PK Forward
1 - 52% - 50% - 4:35
2 - 48% - 50% - 4:15
PK Defense
1 - 56% - 50% - 4:55
2 - 44% - 50% - 3:55
PK3 Forward
1 - 0% - 50%
2 - 0% - 50%
PK3 Defense
1 - 0% - 50%
2 - 0% - 50%
44 Forward
1 - 0% - 50%
2 - 0% - 50%
44 Defense
1 - 0% - 50%
2 - 0% - 50%
Last Minute Offensive - 0:00
Last Minute Defensive - 0:00
Total
Forward - 60:00
Defense - 60:00
|
% Time on Ice - Toronto Maple Leafs
Lines # - Real PCT - Wanted PCT - Time Play
Normal Forward
1 - 26% - 30% - 10:52
2 - 30% - 30% - 12:26
3 - 23% - 25% - 9:29
4 - 21% - 15% - 8:28
Normal Defense
1 - 36% - 35% - 14:42
2 - 37% - 35% - 15:04
3 - 28% - 30% - 11:29
4 - 0% - 0% - 0:00
PP Forward
1 - 52% - 50% - 4:33
2 - 48% - 50% - 4:17
PP Defense
1 - 49% - 50% - 4:18
2 - 51% - 50% - 4:32
PK Forward
1 - 55% - 50% - 5:26
2 - 45% - 50% - 4:29
PK Defense
1 - 45% - 50% - 4:28
2 - 55% - 50% - 5:27
PK3 Forward
1 - 0% - 50%
2 - 0% - 50%
PK3 Defense
1 - 0% - 50%
2 - 0% - 50%
44 Forward
1 - 0% - 50%
2 - 0% - 50%
44 Defense
1 - 0% - 50%
2 - 0% - 50%
Last Minute Offensive - 0:00
Last Minute Defensive - 0:00
Total
Forward - 60:00
Defense - 60:00
|
Play-by-Play
1st period
0:01 of 1st period - Tomas Hertl wins face-off versus Boone Jenner in neutral zone.
0:16 of 1st period - Snap shot by Brady Tkachuk.
0:16 of 1st period - Deflect By Tomas Hertl.
0:16 of 1st period - Stopped by Juuse Saros with a rebound.
0:56 of 1st period - Snap shot by Dawson Mercer.
0:56 of 1st period - Shot Misses the Net.
1:23 of 1st period - Morgan Barron is hit by Andrew Mangiapane and loses puck.
1:40 of 1st period - Wrist shot by Derek Ryan.
1:40 of 1st period - Stopped by Frederik Andersen without a rebound.
1:41 of 1st period - Jeff Carter wins face-off versus Wyatt Johnston in Toronto Maple Leafs zone.
2:19 of 1st period - Snap shot by Tomas Hertl.
2:19 of 1st period - Shot Blocked by Brandon Carlo.
3:01 of 1st period - Wrist shot by Scott Laughton.
3:01 of 1st period - Shot Blocked by Jeff Carter.
3:17 of 1st period - Snap shot by Quinton Byfield.
3:17 of 1st period - Stopped by Juuse Saros without a rebound.
3:18 of 1st period - Wyatt Johnston wins face-off versus Dawson Mercer in Edmonton Oilers zone.
3:21 of 1st period - Snap shot by Nick Bjugstad.
3:21 of 1st period - Shot Blocked by Brett Pesce.
3:45 of 1st period - Scott Mayfield is hit by Sam Bennett and loses puck.
4:16 of 1st period - Slapshot by Sam Bennett.
4:16 of 1st period - Stopped by Juuse Saros without a rebound.
4:17 of 1st period - Jeff Carter wins face-off versus Tomas Hertl in Edmonton Oilers zone.
4:30 of 1st period - Wrist shot by Brock Boeser.
4:30 of 1st period - Stopped by Frederik Andersen with a rebound.
5:17 of 1st period - Minor Penalty to Jacob Trouba for Roughing.
5:18 of 1st period - Tomas Hertl wins face-off versus Adrian Kempe in Edmonton Oilers zone.
5:23 of 1st period - Snap shot by Tomas Hertl.
5:23 of 1st period - Deflect By Troy Terry.
5:23 of 1st period - Shot Misses the Net.
5:23 of 1st period - Puck is out of play.
5:24 of 1st period - Adrian Kempe wins face-off versus Troy Terry in Edmonton Oilers zone.
7:17 of 1st period - Penalty to Jacob Trouba is over, Jacob Trouba is back on ice.
7:23 of 1st period - Snap shot by Jake DeBrusk.
7:23 of 1st period - Deflect By Corey Perry.
7:23 of 1st period - Stopped by Frederik Andersen with a rebound.
7:36 of 1st period - Wrist shot by Jake DeBrusk.
7:36 of 1st period - Shot Misses the Net.
7:38 of 1st period - Slapshot by Brett Pesce.
7:38 of 1st period - Stopped by Frederik Andersen with a rebound.
7:40 of 1st period - Slapshot by Brett Pesce.
7:40 of 1st period - Deflect By Corey Perry.
7:40 of 1st period - Shot Misses the Net.
7:40 of 1st period - Puck is out of play.
7:41 of 1st period - Derek Ryan wins face-off versus Sam Bennett in Toronto Maple Leafs zone.
7:54 of 1st period - Slapshot by Evan Bouchard.
7:54 of 1st period - Deflect By Joey Anderson.
7:54 of 1st period - Shot Blocked by Mario Ferraro.
7:54 of 1st period - Puck is out of play.
7:55 of 1st period - Jeff Carter wins face-off versus Tomas Hertl in Toronto Maple Leafs zone.
8:01 of 1st period - Icing by Troy Terry.
8:02 of 1st period - Jeff Carter wins face-off versus Tomas Hertl in Toronto Maple Leafs zone.
8:05 of 1st period - Slapshot by Brock Boeser.
8:05 of 1st period - Shot Blocked by Cody Ceci.
8:10 of 1st period - Icing by Brady Tkachuk.
8:11 of 1st period - Tomas Hertl wins face-off versus Jeff Carter in Toronto Maple Leafs zone.
8:35 of 1st period - Icing by Mario Ferraro.
8:36 of 1st period - Tomas Hertl wins face-off versus Corey Perry in Toronto Maple Leafs zone.
8:36 of 1st period - Tomas Hertl is hit by Dawson Mercer.
9:01 of 1st period - Icing by Nick Bjugstad.
9:02 of 1st period - Boone Jenner wins face-off versus Wyatt Johnston in Toronto Maple Leafs zone.
9:15 of 1st period - Snap shot by Quinton Byfield.
9:15 of 1st period - Shot Blocked by Jacob Trouba.
9:17 of 1st period - Snap shot by Wyatt Johnston.
9:17 of 1st period - Stopped by Juuse Saros without a rebound.
9:18 of 1st period - Jeff Carter wins face-off versus Tomas Hertl in Edmonton Oilers zone.
9:54 of 1st period - Wrist shot by Adrian Kempe.
9:54 of 1st period - Stopped by Frederik Andersen with a rebound.
10:29 of 1st period - Wrist shot by Dawson Mercer.
10:29 of 1st period - Stopped by Frederik Andersen without a rebound.
10:30 of 1st period - Jeff Carter wins face-off versus Scott Laughton in Toronto Maple Leafs zone.
10:37 of 1st period - Slapshot by Jake DeBrusk.
10:37 of 1st period - Stopped by Frederik Andersen without a rebound.
10:38 of 1st period - Jeff Carter wins face-off versus Troy Terry in Toronto Maple Leafs zone.
10:41 of 1st period - Wrist shot by Brock Boeser.
10:41 of 1st period - Shot Blocked by Brady Tkachuk.
10:49 of 1st period - Snap shot by Brady Tkachuk.
10:49 of 1st period - Stopped by Juuse Saros without a rebound.
10:50 of 1st period - Boone Jenner wins face-off versus Sam Bennett in Edmonton Oilers zone.
11:06 of 1st period - Minor Penalty to Adrian Kempe for Hooking.
11:07 of 1st period - Boone Jenner wins face-off versus Nicolas Roy in Edmonton Oilers zone.
11:18 of 1st period - Wrist shot by Quinton Byfield.
11:18 of 1st period - Deflect By Nicolas Roy.
11:18 of 1st period - Shot Blocked by Evan Bouchard.
11:18 of 1st period - Puck is out of play.
11:19 of 1st period - Troy Terry wins face-off versus Corey Perry in Edmonton Oilers zone.
11:20 of 1st period - Wrist shot by Brady Tkachuk.
11:20 of 1st period - Shot Blocked by Evan Bouchard.
13:06 of 1st period - Penalty to Adrian Kempe is over, Adrian Kempe is back on ice.
14:59 of 1st period - Nick Bjugstad is hit by Corey Perry and loses puck.
15:07 of 1st period - Icing by Quinton Byfield.
15:08 of 1st period - Wyatt Johnston wins face-off versus Derek Ryan in Toronto Maple Leafs zone.
15:14 of 1st period - Minor Penalty to Evan Bouchard for Interference.
15:15 of 1st period - Boone Jenner wins face-off versus Tomas Hertl in Edmonton Oilers zone.
17:14 of 1st period - Penalty to Evan Bouchard is over, Evan Bouchard is back on ice.
17:35 of 1st period - Slapshot by Andrew Mangiapane.
17:35 of 1st period - Stopped by Juuse Saros without a rebound.
17:36 of 1st period - Scott Laughton wins face-off versus Derek Ryan in Edmonton Oilers zone.
17:49 of 1st period - Wrist shot by Scott Laughton.
17:49 of 1st period - Shot Misses the Net.
18:03 of 1st period - Snap shot by Jake DeBrusk.
18:03 of 1st period - Stopped by Frederik Andersen with a rebound.
18:25 of 1st period - Slapshot by Quinton Byfield.
18:25 of 1st period - Stopped by Juuse Saros without a rebound.
18:26 of 1st period - Wyatt Johnston wins face-off versus Boone Jenner in Edmonton Oilers zone.
18:41 of 1st period - Wrist shot by Quinton Byfield.
18:41 of 1st period - Shot Blocked by Evan Bouchard.
19:07 of 1st period - Minor Penalty to Aaron Ekblad for Roughing.
19:08 of 1st period - Boone Jenner wins face-off versus Nick Bjugstad in Toronto Maple Leafs zone.
19:41 of 1st period - Snap shot by Boone Jenner.
19:41 of 1st period - Stopped by Frederik Andersen without a rebound.
19:42 of 1st period - Jeff Carter wins face-off versus Nick Bjugstad in Toronto Maple Leafs zone.
19:57 of 1st period - Slapshot by Evan Bouchard.
19:57 of 1st period - Shot Blocked by Scott Laughton.
Goals for this period are 0 for Edmonton Oilers vs 0 for Toronto Maple Leafs.
Shots for this period are 9 for Edmonton Oilers vs 7 for Toronto Maple Leafs.
2nd period
0:01 of 2nd period - Jeff Carter wins face-off versus Tomas Hertl in neutral zone.
0:26 of 2nd period - Dougie Hamilton is hit by Boone Jenner and loses puck.
0:33 of 2nd period - Slapshot by Scott Laughton.
0:33 of 2nd period - Stopped by Juuse Saros with a rebound.
1:07 of 2nd period - Penalty to Aaron Ekblad is over, Aaron Ekblad is back on ice.
1:20 of 2nd period - Wrist shot by Dawson Mercer.
1:20 of 2nd period - Shot Misses the Net.
1:36 of 2nd period - Snap shot by Wyatt Johnston.
1:36 of 2nd period - Stopped by Juuse Saros with a rebound.
1:58 of 2nd period - Wrist shot by Andrew Mangiapane.
1:58 of 2nd period - Stopped by Juuse Saros with a rebound.
2:00 of 2nd period - Wrist shot by Scott Laughton.
2:00 of 2nd period - Stopped by Juuse Saros without a rebound.
2:01 of 2nd period - Scott Laughton wins face-off versus Jeff Carter in Edmonton Oilers zone.
2:04 of 2nd period - Snap shot by Andrew Mangiapane.
2:04 of 2nd period - Shot Blocked by Jake DeBrusk.
2:06 of 2nd period - Backhand shot by Ryan Pulock.
2:06 of 2nd period - Stopped by Juuse Saros without a rebound.
2:07 of 2nd period - Wyatt Johnston wins face-off versus Boone Jenner in Edmonton Oilers zone.
2:14 of 2nd period - Wrist shot by Nick Bjugstad.
2:14 of 2nd period - Stopped by Juuse Saros with a rebound.
2:16 of 2nd period - Snap shot by Nick Bjugstad.
2:16 of 2nd period - Shot Misses the Net.
2:18 of 2nd period - Snap shot by Wyatt Johnston.
2:18 of 2nd period - Shot Misses the Net.
2:20 of 2nd period - Snap shot by Wyatt Johnston.
2:20 of 2nd period - Shot Misses the Net.
2:22 of 2nd period - Slapshot by Nick Bjugstad.
2:22 of 2nd period - Stopped by Juuse Saros with a rebound.
4:05 of 2nd period - Wrist shot by Troy Terry.
4:05 of 2nd period - Shot Misses the Net.
4:21 of 2nd period - Nicolas Roy is hit by Evan Bouchard and loses puck.
5:01 of 2nd period - Minor Penalty to Aaron Ekblad for High sticking.
5:02 of 2nd period - Nick Bjugstad wins face-off versus Jeff Carter in Toronto Maple Leafs zone.
5:13 of 2nd period - Wrist shot by Jeff Carter.
5:13 of 2nd period - Stopped by Frederik Andersen without a rebound.
5:14 of 2nd period - Tomas Hertl wins face-off versus Jeff Carter in Toronto Maple Leafs zone.
5:28 of 2nd period - Off-side.
5:29 of 2nd period - Nick Bjugstad wins face-off versus Boone Jenner in neutral zone.
5:45 of 2nd period - Nicolas Roy is hit by Boone Jenner and loses puck.
6:32 of 2nd period - Nicolas Roy is hit by Jeff Carter and loses puck.
7:01 of 2nd period - Penalty to Aaron Ekblad is over, Aaron Ekblad is back on ice.
7:04 of 2nd period - Dougie Hamilton is hit by Corey Perry and loses puck.
7:40 of 2nd period - Derek Ryan is hit by Tomas Hertl and loses puck.
7:57 of 2nd period - Snap shot by Jake DeBrusk.
7:57 of 2nd period - Shot Misses the Net.
7:59 of 2nd period - Wrist shot by Jake DeBrusk.
7:59 of 2nd period - Stopped by Frederik Andersen with a rebound.
8:15 of 2nd period - Snap shot by Quinton Byfield.
8:15 of 2nd period - Shot Misses the Net.
8:23 of 2nd period - Minor Penalty to Quinton Byfield for Tripping.
8:24 of 2nd period - Nick Bjugstad wins face-off versus Jeff Carter in Toronto Maple Leafs zone.
8:53 of 2nd period - Wrist shot by Boone Jenner.
8:53 of 2nd period - Stopped by Frederik Andersen with a rebound.
8:55 of 2nd period - Slapshot by David Savard.
8:55 of 2nd period - Stopped by Frederik Andersen with a rebound.
8:57 of 2nd period - Snap shot by Adrian Kempe.
8:57 of 2nd period - Shot Misses the Net.
9:01 of 2nd period - Slapshot by Boone Jenner.
9:01 of 2nd period - Stopped by Frederik Andersen without a rebound.
9:02 of 2nd period - Nick Bjugstad wins face-off versus Jeff Carter in Toronto Maple Leafs zone.
9:27 of 2nd period - Cody Ceci is hit by Adrian Kempe and loses puck.
9:53 of 2nd period - Jake DeBrusk is hit by Ryan Pulock and loses puck.
10:23 of 2nd period - Penalty to Quinton Byfield is over, Quinton Byfield is back on ice.
10:48 of 2nd period - Snap shot by Brady Tkachuk.
10:48 of 2nd period - Stopped by Juuse Saros with a rebound.
10:57 of 2nd period - Off-side.
10:58 of 2nd period - Wyatt Johnston wins face-off versus Derek Ryan in neutral zone.
12:03 of 2nd period - Off-side.
12:04 of 2nd period - Tomas Hertl wins face-off versus Dawson Mercer in neutral zone.
12:20 of 2nd period - Off-side.
12:21 of 2nd period - Boone Jenner wins face-off versus Sam Bennett in neutral zone.
13:04 of 2nd period - Snap shot by Evan Bouchard.
13:04 of 2nd period - Shot Misses the Net.
13:06 of 2nd period - Snap shot by Corey Perry.
13:06 of 2nd period - Stopped by Frederik Andersen with a rebound.
13:08 of 2nd period - Snap shot by Corey Perry.
13:08 of 2nd period - Goal by Corey Perry - Edmonton Oilers : 1 - Toronto Maple Leafs : 0.
13:09 of 2nd period - Tomas Hertl wins face-off versus Boone Jenner in neutral zone.
14:00 of 2nd period - Wrist shot by Dawson Mercer.
14:00 of 2nd period - Shot Misses the Net.
14:44 of 2nd period - Snap shot by David Perron.
14:44 of 2nd period - Stopped by Frederik Andersen with a rebound.
14:46 of 2nd period - Wrist shot by Boone Jenner.
14:46 of 2nd period - Stopped by Frederik Andersen with a rebound.
15:14 of 2nd period - Aaron Ekblad is hit by Jeff Carter and loses puck.
15:30 of 2nd period - Snap shot by Jeff Carter.
15:30 of 2nd period - Stopped by Frederik Andersen with a rebound.
16:29 of 2nd period - Snap shot by Sam Bennett.
16:29 of 2nd period - Goal by Sam Bennett - Edmonton Oilers : 1 - Toronto Maple Leafs : 1.
16:30 of 2nd period - Boone Jenner wins face-off versus Tomas Hertl in neutral zone.
17:24 of 2nd period - Mario Ferraro is hit by Morgan Barron and loses puck.
19:10 of 2nd period - Tomas Hertl is hit by Jacob Trouba and loses puck.
19:23 of 2nd period - Jacob Trouba is hit by Mario Ferraro.
19:27 of 2nd period - Mario Ferraro is hit by Brock Boeser and loses puck.
19:47 of 2nd period - Nicolas Roy is hit by Ryan McLeod.
Goals for this period are 1 for Edmonton Oilers vs 1 for Toronto Maple Leafs.
Shots for this period are 10 for Edmonton Oilers vs 9 for Toronto Maple Leafs.
3rd period
0:01 of 3rd period - Boone Jenner wins face-off versus Tomas Hertl in neutral zone.
0:04 of 3rd period - Wrist shot by David Perron.
0:04 of 3rd period - Shot Misses the Net.
0:14 of 3rd period - Slapshot by David Perron.
0:14 of 3rd period - Shot Misses the Net.
0:16 of 3rd period - Snap shot by David Savard.
0:16 of 3rd period - Stopped by Frederik Andersen without a rebound.
0:17 of 3rd period - Wyatt Johnston wins face-off versus Jeff Carter in Toronto Maple Leafs zone.
0:21 of 3rd period - Off-side.
0:22 of 3rd period - Quinton Byfield wins face-off versus Jake DeBrusk in neutral zone.
0:48 of 3rd period - Off-side.
0:49 of 3rd period - Boone Jenner wins face-off versus Tomas Hertl in neutral zone.
0:58 of 3rd period - Wrist shot by Adrian Kempe.
0:58 of 3rd period - Shot Blocked by Troy Terry.
1:05 of 3rd period - Icing by Evan Bouchard.
1:06 of 3rd period - Adrian Kempe wins face-off versus Sam Bennett in Edmonton Oilers zone.
1:53 of 3rd period - Snap shot by Scott Laughton.
1:53 of 3rd period - Stopped by Juuse Saros without a rebound.
1:54 of 3rd period - Scott Laughton wins face-off versus Dawson Mercer in Edmonton Oilers zone.
2:49 of 3rd period - Scott Mayfield is hit by Nick Bjugstad and loses puck.
3:09 of 3rd period - Off-side.
3:10 of 3rd period - Tomas Hertl wins face-off versus Boone Jenner in neutral zone.
3:10 of 3rd period - Tomas Hertl is hit by David Perron.
3:22 of 3rd period - Wrist shot by Brady Tkachuk.
3:22 of 3rd period - Shot Misses the Net.
3:24 of 3rd period - Wrist shot by Troy Terry.
3:24 of 3rd period - Goal by Troy Terry - Edmonton Oilers : 1 - Toronto Maple Leafs : 2.
3:25 of 3rd period - Boone Jenner wins face-off versus Tomas Hertl in neutral zone.
3:28 of 3rd period - Brady Tkachuk is hit by Adrian Kempe.
4:16 of 3rd period - Wrist shot by Corey Perry.
4:16 of 3rd period - Shot Misses the Net.
4:18 of 3rd period - Snap shot by Brandon Carlo.
4:18 of 3rd period - Stopped by Frederik Andersen with a rebound.
4:20 of 3rd period - Snap shot by Ryan McLeod.
4:20 of 3rd period - Shot Misses the Net.
4:22 of 3rd period - Slapshot by Brandon Carlo.
4:22 of 3rd period - Stopped by Frederik Andersen with a rebound.
4:24 of 3rd period - Snap shot by Dawson Mercer.
4:24 of 3rd period - Stopped by Frederik Andersen without a rebound.
4:25 of 3rd period - Boone Jenner wins face-off versus Troy Terry in Toronto Maple Leafs zone.
5:20 of 3rd period - Minor Penalty to Scott Laughton for Cross-checking.
5:21 of 3rd period - Boone Jenner wins face-off versus Nicolas Roy in Toronto Maple Leafs zone.
5:47 of 3rd period - Brock Boeser is hit by Mario Ferraro and loses puck.
5:56 of 3rd period - Snap shot by Nino Niederreiter.
5:56 of 3rd period - Stopped by Juuse Saros with a rebound.
6:00 of 3rd period - Snap shot by Nino Niederreiter.
6:00 of 3rd period - Goal by Nino Niederreiter - Edmonton Oilers : 1 - Toronto Maple Leafs : 3.
6:01 of 3rd period - Boone Jenner wins face-off versus Nick Bjugstad in neutral zone.
6:06 of 3rd period - Backhand shot by Adrian Kempe.
6:06 of 3rd period - Deflect By David Perron.
6:06 of 3rd period - Shot Blocked by Cody Ceci.
6:06 of 3rd period - Puck is out of play.
6:07 of 3rd period - Nick Bjugstad wins face-off versus David Perron in Toronto Maple Leafs zone.
7:20 of 3rd period - Penalty to Scott Laughton is over, Scott Laughton is back on ice.
7:27 of 3rd period - Snap shot by Scott Laughton.
7:27 of 3rd period - Stopped by Juuse Saros without a rebound.
7:28 of 3rd period - Scott Laughton wins face-off versus Dawson Mercer in Edmonton Oilers zone.
7:31 of 3rd period - Wrist shot by Scott Laughton.
7:31 of 3rd period - Stopped by Juuse Saros without a rebound.
7:32 of 3rd period - Boone Jenner wins face-off versus Tomas Hertl in Edmonton Oilers zone.
7:57 of 3rd period - Scott Mayfield is hit by Sean Walker and loses puck.
8:06 of 3rd period - Slapshot by Nino Niederreiter.
8:06 of 3rd period - Shot Misses the Net.
8:26 of 3rd period - Snap shot by Cody Ceci.
8:26 of 3rd period - Deflect By Jake DeBrusk.
8:26 of 3rd period - Stopped by Juuse Saros with a rebound.
8:48 of 3rd period - Slapshot by Corey Perry.
8:48 of 3rd period - Stopped by Frederik Andersen with a rebound.
9:02 of 3rd period - Wrist shot by Adrian Kempe.
9:02 of 3rd period - Stopped by Frederik Andersen with a rebound.
9:28 of 3rd period - Wrist shot by Sam Bennett.
9:28 of 3rd period - Shot Blocked by David Perron.
9:30 of 3rd period - Slapshot by Nino Niederreiter.
9:30 of 3rd period - Shot Misses the Net.
9:32 of 3rd period - Slapshot by Sean Walker.
9:32 of 3rd period - Shot Misses the Net.
9:42 of 3rd period - Sean Walker is hit by Joey Anderson and loses puck.
10:07 of 3rd period - Wrist shot by Quinton Byfield.
10:07 of 3rd period - Stopped by Juuse Saros without a rebound.
10:08 of 3rd period - Nick Bjugstad wins face-off versus Dawson Mercer in Edmonton Oilers zone.
10:34 of 3rd period - Dawson Mercer is hit by Quinton Byfield.
10:42 of 3rd period - Wrist shot by Wyatt Johnston.
10:42 of 3rd period - Stopped by Juuse Saros without a rebound.
10:43 of 3rd period - Brady Tkachuk wins face-off versus Boone Jenner in Edmonton Oilers zone.
10:43 of 3rd period - Jacob Trouba beats up Brady Tkachuk.
10:43 of 3rd period - Penalty to Brady Tkachuk for Fighting.
10:43 of 3rd period - Penalty to Jacob Trouba for Fighting.
10:44 of 3rd period - Boone Jenner wins face-off versus Tomas Hertl in Edmonton Oilers zone.
10:44 of 3rd period - Boone Jenner is hit by Troy Terry.
10:50 of 3rd period - David Savard is hit by Aaron Ekblad and loses puck.
10:57 of 3rd period - Wrist shot by Troy Terry.
10:57 of 3rd period - Shot Misses the Net.
10:59 of 3rd period - Snap shot by Ryan Pulock.
10:59 of 3rd period - Deflect By David Perron.
10:59 of 3rd period - Stopped by Juuse Saros with a rebound.
11:01 of 3rd period - Backhand shot by Aaron Ekblad.
11:01 of 3rd period - Shot Blocked by Boone Jenner.
11:21 of 3rd period - Snap shot by Brock Boeser.
11:21 of 3rd period - Shot Misses the Net.
11:31 of 3rd period - Snap shot by Brandon Saad.
11:31 of 3rd period - Stopped by Juuse Saros with a rebound.
11:33 of 3rd period - Minor Penalty to Corey Perry for Hooking.
11:34 of 3rd period - Boone Jenner wins face-off versus Nick Bjugstad in Edmonton Oilers zone.
12:34 of 3rd period - David Perron is hit by Nick Bjugstad and loses puck.
13:33 of 3rd period - Penalty to Corey Perry is over, Corey Perry is back on ice.
15:05 of 3rd period - Mario Ferraro is hit by David Savard and loses puck.
15:24 of 3rd period - Tomas Hertl is hit by Jake DeBrusk.
15:50 of 3rd period - Ryan McLeod is hit by Brady Tkachuk and loses puck.
16:01 of 3rd period - Ryan Pulock is hit by Corey Perry and loses puck.
16:16 of 3rd period - Evan Bouchard is hit by Sam Bennett and loses puck.
16:45 of 3rd period - Snap shot by Adrian Kempe.
16:45 of 3rd period - Deflect By Boone Jenner.
16:45 of 3rd period - Stopped by Frederik Andersen with a rebound.
16:47 of 3rd period - Minor Penalty to Scott Laughton for Hooking.
16:48 of 3rd period - Jeff Carter wins face-off versus Nick Bjugstad in Toronto Maple Leafs zone.
16:55 of 3rd period - Jeff Carter is hit by Nick Bjugstad and loses puck.
17:24 of 3rd period - Snap shot by Tomas Hertl.
17:24 of 3rd period - Stopped by Juuse Saros with a rebound.
17:45 of 3rd period - Nick Bjugstad is hit by Brandon Carlo and loses puck.
18:32 of 3rd period - Brady Tkachuk is hit by David Savard and loses puck.
18:47 of 3rd period - Penalty to Scott Laughton is over, Scott Laughton is back on ice.
19:05 of 3rd period - Major / Game Misconduct Penalty to Corey Perry for Spearing.
19:05 of 3rd period - Corey Perry is ejected from game.
19:06 of 3rd period - Brady Tkachuk wins face-off versus Adrian Kempe in Edmonton Oilers zone.
19:31 of 3rd period - Cody Ceci is hit by Brandon Carlo and loses puck.
Goals for this period are 0 for Edmonton Oilers vs 2 for Toronto Maple Leafs.
Shots for this period are 7 for Edmonton Oilers vs 12 for Toronto Maple Leafs.
Back to the Top